AoeStats
← Katsu

Arabia

510108575Analyzed
4v4 RM · 24h ago on Sep 29, 2026· 34m 29s· 8 players
Game mode
Random Map
Map size
Large (8 player)
Population
200
Speed
Normal
Resources
Standard
Victory
Conquest
Starting age
Dark Age
Ending age
Imperial Age
RankedLock teamsTeams togetherTeam positionsShared explorationLock speedFull tech treeHidden civsTurbo modeCheats
Victory
Defeat
🇨🇳 Britons · China
1395
+13
🇨🇳 Franks · China
1347
+15
🇨🇳 Magyars · China
1306
+17
🇭🇰 Spanish · Hong Kong SAR China
1294
+16
🇹🇼 Italians · Taiwan
1364
-17
🇹🇼 Ethiopians · Taiwan
1340
-16
🇹🇼 Magyars · Taiwan
1319
-15
🇹🇼 Jurchens · Taiwan
1260
-13
ming.3idionts
5:29 Loom
8:46 Feudal Age
9:37 Double-Bit Axe
10:22 Horse Collar
17:22 Wheelbarrow
21:56 Castle Age
20:18 Scale Barding Armor
20:58 Bloodlines
21:59 Light Cavalry
22:39 Husbandry
23:02 Bow Saw
31:09 Town Watch
33:29 Chain Barding Armor
33:25 Fletching
Chia
6:01 Loom
9:01 Feudal Age
9:35 Double-Bit Axe
14:15 Fletching
20:04 Padded Archer Armor
22:52 Wheelbarrow
26:07 Castle Age
24:23 Gold Mining
26:45 Bodkin Arrow
26:11 Crossbowman
27:30 Bow Saw
27:52 Leather Archer Armor
29:19 Ballistics
30:17 Stone Mining
33:29 Thumb Ring
Katsu
6:56 Loom
9:50 Feudal Age
10:26 Double-Bit Axe
16:08 Scale Barding Armor
19:12 Forging
19:21 Bloodlines
24:02 Castle Age
24:19 Wheelbarrow
23:56 Horse Collar
25:05 Chain Barding Armor
24:12 Light Cavalry
26:56 Husbandry
chun
7:44 Loom
11:39 Feudal Age
12:51 Double-Bit Axe
16:40 Horse Collar
26:55 Castle Age
27:05 Padded Archer Armor
27:13 Elite Skirmisher
28:21 Fletching
28:47 Leather Archer Armor
28:46 Bow Saw
30:22 Squires
动车的车头
6:37 Loom
9:05 Feudal Age
14:03 Double-Bit Axe
21:07 Castle Age
27:30 Fletching
白桃桃
10:08 Feudal Age
11:07 Horse Collar
11:14 Double-Bit Axe
11:53 Loom
18:42 Castle Age
18:18 Fletching
19:43 Bow Saw
19:28 Gold Mining
19:54 Bloodlines
23:14 Wheelbarrow
22:27 Town Watch
23:11 Fletching
24:49 Husbandry
26:23 Heated Shot
27:15 Ballistics
27:58 Bodkin Arrow
28:40 Herbal Medicine
29:39 Padded Archer Armor
32:09 Corvinian Army
32:35 Hand Cart
33:38 Gold Shaft Mining
34:14 Scale Barding Armor
七七2025
7:16 Loom
9:44 Feudal Age
10:37 Double-Bit Axe
17:43 Wheelbarrow
22:05 Castle Age
21:00 Gold Mining
21:36 Scale Barding Armor
23:06 Bow Saw
23:58 Husbandry
24:20 Chain Barding Armor
25:48 Forging
28:59 Iron Casting
NocturnalPharmakon
8:22 Feudal Age
9:03 Loom
11:02 Town Watch
12:39 Double-Bit Axe
16:01 Wheelbarrow
21:13 Fletching
22:04 Padded Archer Armor
27:22 Castle Age
27:43 Horse Collar
27:54 Gold Mining
27:36 Crossbowman
28:49 Bodkin Arrow
29:35 Bow Saw
29:25 Heavy Plow
30:29 Leather Archer Armor
31:39 Ballistics
34:45 Hand Cart
Connection lost

Rejoining the realm…

Still unreachable

The connection could not be restored.

Session expired

The server has moved on; the page needs a fresh start.